 Dungeon Crawl Stone Soup version 0.31.0-11-ge490571c62 (webtiles) character file.

Game seed: 2753196864193871219

282 qw the Shooter (level 6, -3/30 HPs)
             Began as a Spriggan Hunter on Feb 4, 2024.
             Incinerated by a bombardier beetle (5 damage)
             ... with a burning spray
             ... on level 4 of the Dungeon.
             The game lasted 00:00:09 (2439 turns).

qw the Shooter (Spriggan Hunter)                    Turns: 2439, Time: 00:00:09

Health: -3/30      AC:  2    Str:  7    XL:     6   Next: 6%
Magic:  7/7        EV: 20    Int: 11    God:
Gold:   151        SH:  0    Dex: 20    Spells: 5/5 levels left

rFire   . . .        a - +3 shortbow
rCold   . . .        (shield currently unavailable)
rNeg    . . .        c - +0 robe
rPois   .            (helmet restricted)
rElec   .            (no cloak)
rCorr   .            (gloves unavailable)
SInv    +            (boots unavailable)
Will    +....        (no amulet)
Stlth   +            (no ring)
HPRegen 0.25/turn    (no ring)
MPRegen 0.10/turn

%: no passive effects
@: on fire, glowing, very quick
A: very small, no large weapons, unfitting armour, see invisible, speed 3
a: no special abilities


You were on level 4 of the Dungeon.
You visited 1 branch of the dungeon, and saw 4 of its levels.

You collected 151 gold pieces.


Innate Abilities, Weirdness & Mutations

You are very small and have problems with some larger weapons.
You are too small for most types of armour.
You have supernaturally acute eyesight. (SInv)
You cover ground extremely quickly. (Speed+++)


   Skills:
 - Level 2.1 Fighting
 - Level 6.1 Ranged Weapons
 + Level 5.4 Dodging
 - Level 1.5 Stealth


You had 5 spell levels left.
You didn't know any spells.
Your spell library was empty.

Inventory:

Hand Weapons
 a - a +3 shortbow (weapon)
Armour
 c - a +0 robe (worn)
Scrolls
 d - a scroll of identify
Potions
 b - a potion of curing
 e - a potion of ambrosia {unknown}
 f - 2 potions of enlightenment

Dungeon Overview and Level Annotations

Branches:
Dungeon (4/15)
 Temple: D:4-7

Altars:
Wu Jian

Annotations:
D:2 1 runed translucent door, Crazy Yiuf


Message History

The bombardier beetle is moderately wounded.
You shoot an arrow.
The arrow barely misses the bombardier beetle.
Found a golden ring.
You shoot an arrow.
The arrow barely misses the bombardier beetle.
You shoot an arrow.
The arrow closely misses the bombardier beetle.
You shoot an arrow.
The arrow closely misses the bombardier beetle.
The bombardier beetle sprays incendiary fluid at you.
The burning spray hits you.
You are covered in liquid fire!
You shoot an arrow.
The arrow hits the bombardier beetle but does no damage.
The bombardier beetle is moderately wounded.
The liquid fire burns you!
You shoot an arrow. The arrow hits the bombardier beetle.
The bombardier beetle is heavily wounded.
The liquid fire burns you!
You shoot an arrow.
The arrow barely misses the bombardier beetle.
The liquid fire burns you!
The bombardier beetle closely misses you.
You shoot an arrow.
The arrow completely misses the bombardier beetle.
The liquid fire burns you!
The bombardier beetle sprays incendiary fluid at you.
The burning spray misses you.
You shoot an arrow.
The arrow barely misses the bombardier beetle.
The liquid fire burns you!
You shoot an arrow. The arrow hits the bombardier beetle!
The bombardier beetle is almost dead.
The liquid fire burns you! The bombardier beetle bites you.
You shoot an arrow.
The arrow barely misses the bombardier beetle.
The liquid fire burns you!
You die...

#..........# #......#.....
#..........# ##.. #..~~..######
#..........# #... ....~~...#
##..........###... .........#####
.................7 .._......#....
.....###)######..77.....~~..#.###
########%..####.........~~..#.###
#....)......#B...##.....#.....
#..).)....###@...##.....######
#............#..=.......
#(......#.######.....###
#.......+.. #.## #.......#..#
#... ######+###.# . .# .. ##


You could see a bombardier beetle.

Vanquished Creatures
  A phantom (D:4)
  An orc priest (D:3)
  A jelly (D:4)
  2 orc wizards
  2 adders
  3 dart slugs
  9 orcs
  9 bats
  8 endoplasms
  3 giant cockroaches
  4 hobgoblins
  A quokka (D:1)
  4 ball pythons (D:2)
  2 frilled lizards (D:1)
  6 goblins
  5 kobolds
  7 rats
68 creatures vanquished.

Notes
Turn   | Place    | Note
-------+----------+-------------------------------------------
     0 | D:1      | qw the Spriggan Hunter began the quest for the Orb.
     0 | D:1      | Reached XP level 1. HP: 10/10 MP: 2/2
     0 | D:1      | 0 ||| qw: Version: 0.3-a-160-g6735b56
     0 | D:1      | 0 ||| qw: Game counter: 5204
     0 | D:1      | 0 ||| qw: Melee chars always use a shield: true
     0 | D:1      | 0 ||| qw: God list: Okawaru
     0 | D:1      | 0 ||| qw: Allow faded altars: false
     0 | D:1      | 0 ||| qw: Do Orc after clearing Dungeon:15 true
     0 | D:1      | 0 ||| qw: Do second Lair branch before Depths: true
     0 | D:1      | 0 ||| qw: Lair rune preference: random
     0 | D:1      | 0 ||| qw: Goals: Normal
     0 | D:1      | 0 ||| PLANNING D:1-11
    44 | D:1      | Reached skill level 3 in Dodging
   207 | D:1      | Reached XP level 2. HP: 5/14 MP: 3/3
   775 | D:1      | 775 ||| READING scroll labelled OPRIOMN YRIAR.
   776 | D:1      | 776 ||| READING scroll labelled REDYCK ZORPHUI.
   781 | D:1      | 781 ||| READING scroll labelled QUPIGI ZAOVUAM.
   781 | D:1      | 781 ||| IDENTIFYING 2 ruby potions
   782 | D:1      | 782 ||| DROPPING scroll of butterflies.
   869 | D:2      | Reached XP level 3. HP: 18/18 MP: 4/4
  1252 | D:2      | Found a runed translucent door.
  1253 | D:2      | Noticed Crazy Yiuf
  1563 | D:3      | 1563 ||| FLEEEEING.
  1569 | D:3      | 1569 ||| FLEEEEING.
  1570 | D:3      | 1570 ||| STAIRDANCE
  1597 | D:3      | 1597 ||| STAIRDANCE
  1660 | D:3      | Reached skill level 5 in Ranged Weapons
  1739 | D:3      | Reached XP level 4. HP: 22/22 MP: 5/5
  2155 | D:3      | 2155 ||| READING 3 scrolls labelled ELOLOA ZIYWN.
  2155 | D:3      | 2155 ||| ENCHANTING +0 shortbow.
  2156 | D:3      | 2156 ||| READING 2 scrolls of enchant weapon.
  2156 | D:3      | 2156 ||| ENCHANTING +1 shortbow.
  2157 | D:3      | 2157 ||| READING scroll of enchant weapon.
  2157 | D:3      | 2157 ||| ENCHANTING +2 shortbow.
  2158 | D:3      | 2158 ||| READING scroll labelled YLAPTE IRGHOTILL.
  2159 | D:3      | 2159 ||| READING scroll labelled XEOZAET SETUO.
  2159 | D:3      | 2159 ||| ENCHANTING +3 shortbow.
  2160 | D:3      | 2160 ||| DRINKING 2 fizzy inky potions.
  2181 | D:4      | Reached XP level 5. HP: 26/26 MP: 6/6
  2183 | D:4      | Found an ornate altar of the Wu Jian Council.
  2295 | D:4      | HP: 5/26 [orc wizard/+2 dagger of protection (5)]
  2296 | D:4      | 2296 ||| READING 2 scrolls of teleportation.
  2300 | D:4      | Noticed a phantom
  2304 | D:4      | 2304 ||| READING scroll of teleportation.
  2306 | D:4      | Killed a phantom
  2307 | D:4      | Reached skill level 6 in Ranged Weapons
  2311 | D:4      | HP: 4/26 [orc wizard/+0 dagger (3)]
  2316 | D:4      | Reached XP level 6. HP: 6/30 MP: 7/7
  2438 | D:4      | HP: 4/30 [burnt (5)]
  2439 | D:4      | Incinerated by a bombardier beetle

Levels and vault maps discovered:
D:1:      nzn_arrival_depleted_hourglass, layout_basic, minmay_crystal_room
D:2:      layout_loops_ring, minmay_misc_feat_more_columns,
          reono_crystal_passage, uniq_crazy_yiuf_cottage
D:3:      layout_loops_ring, minmay_between
D:4:      cheibrodos_fertilizer, layout_basic, nicolae_wu_jian_wuxing_cycle,
          uniq_duvessa

Skill      XL: |  1  2  3  4  5 |
---------------+----------------+-----
Dodging        | 3 4 5 |  5.4
Ranged Weapons | 5 6 |  6.1
Fighting       | 2 |  2.1
Stealth        | |  1.5

Action                     |  1- 3 |  4- 6 || total
---------------------------+-------+-------++-------
   Fire: Shortbow          |   117 |    82 ||   199
    Use: Scroll            |     3 |     7 ||    10
         Potion            |       |     1 ||     1
 Armour: Robe              |    13 |    15 ||    28
  Dodge: Dodged            |    22 |    40 ||    62

Table legend:
 A = Non-vault XP
 B = Vault XP
 C = Vault XP percentage of total XP
 D = Non-vault monster count
 E = Vault monster count
 F = Vault count percentage of total count
                 A         B        C        D         E       F
            +---------+---------+-------+---------+---------+-------
      Total |     397 |       6 |   1.5 |      64 |       4 |   5.9
            +---------+---------+-------+---------+---------+-------
        D:1 |      28 |       0 |   0.0 |      18 |       0 |   0.0
        D:2 |      51 |       0 |   0.0 |      23 |       0 |   0.0
        D:3 |     107 |       6 |   5.3 |      13 |       4 |  23.5
        D:4 |     211 |       0 |   0.0 |      10 |       0 |   0.0
            +---------+---------+-------+---------+---------+-------
